Unix NetHack Version 5.0.0-0 post-release - last build May 10 2026 23:12:36 (d1fa5d53e341ca933230fdaa984d921c805b60aa,branch:main).

Game began 2026-05-11 09:37:47, ended 2026-05-11 09:49:40.

Hellbent, neutral male gnomish Healer

                      ##
                       #
                       #
                       ##
                  ------i-
                  |....@..
                  |......|
                  |......|
                  |.....(.
                  --------

Hellbent the Empiric         St:7 Dx:11 Co:14 In:9 Wi:17 Ch:18  Neutral
Dlvl:4  $:1097 HP:0(22) Pw:24(24) AC:8  Xp:4 T:1907 

Latest messages:
 The jackal bites!
 You miss the jackal.
 The jackal bites!
 You kill the jackal!
 You see here a jackal corpse.
 There is a jackal corpse here; eat it? [ynq] (n) y
 This jackal corpse is tough.
 You stop eating the jackal corpse.
 You miss the jackal.
 The jackal misses!
 You miss the jackal.
 The jackal bites!
 You miss the jackal.
 The jackal misses!
 You hit the jackal.
 The jackal bites!
 You kill the jackal!
 You see here a partly eaten jackal corpse.
 There is a partly eaten jackal corpse here; eat it? [ynq] (n) y
 You resume your meal.
 You finish eating the jackal corpse.
 You miss the lichen.
 You kill the lichen!
 You see here a lichen corpse.
 There is a lichen corpse here; eat it? [ynq] (n) y
 This lichen corpse tastes okay.
 You finish eating the lichen corpse.
 You descend the stairs.
 You descend the stairs.
 The homunculus bites!
 The homunculus bites!
 You miss the homunculus.
 The homunculus bites!
 You hit the homunculus.
 The homunculus bites!
 You hit the homunculus.
 The homunculus bites!
 You hit the homunculus.
 The homunculus bites!
 You are put to sleep by the homunculus!
 The homunculus bites!
 The homunculus bites!
 The homunculus bites!
 The homunculus bites!
 You die...
 Do you want your possessions identified? [ynq] (y) y
 Do you want to see your attributes? [ynq] (y) n
 Do you want an account of creatures vanquished? [ynaq] (y) n
 Do you want to see your conduct and achievements? [ynq] (y) n
 Do you want to see the dungeon overview? [ynq] (y) n

Inventory:
 Coins    ('$')
  $ - 1097 gold pieces
 Weapons  (')')
  p - a blessed +0 orcish dagger (at the ready)
  l - a +0 orcish dagger
  a - a +0 scalpel (weapon in right hand)
 Armor    ('[')
  q - an uncursed +0 orcish helm
  b - an uncursed +1 pair of leather gloves (being worn)
  x - an uncursed +0 small shield
 Comestibles  ('%')
  j - 7 uncursed apples
  r - an uncursed sprig of wolfsbane
 Scrolls  ('?')
  w - an uncursed scroll of create monster
  v - an uncursed scroll of identify
  t - a cursed scroll of identify
  z - a cursed scroll of light
  o - an uncursed scroll of stinking cloud
  y - an uncursed scroll of teleportation
 Spellbooks  ('+')
  h - a blessed spellbook of extra healing
  g - a blessed spellbook of healing
  i - a blessed spellbook of stone to flesh
 Potions  ('!')
  e - 4 uncursed potions of extra healing
  d - 4 uncursed potions of healing
 Wands    ('/')
  f - a wand of sleep (0:7)
 Tools    ('(')
  s - an uncursed stethoscope

Hellbent the Healer's attributes:

Background:
 You were an Empiric, a level 4 male gnomish Healer.
 You were neutral, nominally on a mission for Hermes
 who was opposed by Athena (lawful) and Poseidon (chaotic).
 You were right-handed.
 You were in the Dungeons of Doom, on level 4.
 You entered the dungeon 1907 turns ago.
 You had 86 experience points, 74 more were needed to attain level 5.

Basics:
 You had 0 out of 22 hit points.
 You had all 24 energy points (spell power).
 Your armor class was 8.
 Your wallet contained 1097 zorkmids.
 Autopickup was off.

Final Characteristics:
 Your strength was 7 (limit:18/50).
 Your dexterity was 11 (limit:18).
 Your constitution was 14 (limit:18).
 Your intelligence was 9 (limit:19).
 Your wisdom was 17 (limit:18).
 Your charisma was 18 (limit:18).

Final Status:
 You weren't hungry.
 You were unencumbered.
 You were wielding a knife.
 You had basic skill with knife.

Final Attributes:
 You were devoutly aligned.
 You were poison resistant.
 You had infravision.
 You are dead.

Miscellaneous:
 You didn't encounter any bones levels.
 Total elapsed playing time was 11 minutes and 52 seconds.

Major events:
 Turn
    1: Hellbent the neutral male gnomish Healer entered the dungeon
  872: attained the rank of Empiric (level 3)
 1907: killed by a homunculus, while sleeping

Spells:
 Name                 Level Category     Fail Retention
 healing                1   healing        0%  91%-100%
 extra healing          3   healing        0%  91%-100%
 stone to flesh         3   healing        0%  91%-100%

Skills:
 Fighting Skills
   bare handed combat [Unskilled]
 Weapon Skills
   dagger             [Unskilled]
   knife              [Basic]
   short sword        [Unskilled]
   saber              [Unskilled]
   club               [Unskilled]
   mace               [Unskilled]
   quarterstaff       [Unskilled]
   polearms           [Unskilled]
   spear              [Unskilled]
   trident            [Unskilled]
   sling              [Unskilled]
   dart               [Unskilled]
   shuriken           [Unskilled]
   unicorn horn       [Unskilled]
 Spellcasting Skills
   healing spells     [Basic]

Voluntary challenges:
 Character rerolling was not enabled.
 You were an atheist.
 You were illiterate.
 You never genocided any monsters.
 You never polymorphed an object.
 You never changed form.
 You used no wishes.
Achievement:
 You attained the rank of Empiric.

 The Dungeons of Doom: levels 1 to 4
    Level 1:
    Level 2:
       A grave.
    Level 3:
       A fountain.
    Level 4: <- You were here.
       Final resting place for
          you, killed by a homunculus, while sleeping.


Vanquished creatures:
  a little dog
 an iguana
  2 manes
  2 giant rats
  a yellow mold
  a red mold
  3 geckos
  2 jackals
  2 foxes
  2 kobolds
  2 goblins
  a sewer rat
  a grid bug
  6 lichens
  7 newts
34 creatures vanquished.

No species were genocided or became extinct.

Game over:
                       ----------
                      /          \
                     /    REST    \
                    /      IN      \
                   /     PEACE      \
                  /                  \
                  |     Hellbent     |
                  |     1097 Au      |
                  |   killed by a    |
                  |    homunculus    |
                  |                  |
                  |                  |
                  |       2026       |
                 *|     *  *  *      | *
        _________)/\\_//(\/(/\)/\//\/|_)_______

Goodbye Hellbent the Healer...

You died in The Dungeons of Doom on dungeon level 4 with 553 points,
and 1097 pieces of gold, after 1907 moves.
You were level 4 with a maximum of 22 hit points when you died.

